Map: Prion Terraces

Players

Free

  • Race: Protoss Protoss
  • League: Gold

Grumm - Winner!

  • Race: Protoss Protoss
  • League: Gold

VOD

Have the link to the VOD?

Description

Time

  • Played on: Jan. 19, 2016, 6:01 p.m.
  • Length: 12:49
Show
View Real Time Build Order
Export as new Build Order

Free Protoss 

Build Orders:  

Get SALT Encoding   

  12  0:00  Probe (Chrono Boost)  
  13  0:11  Probe (Chrono Boost)  
  14  0:18  Pylon  
  14  0:22  Probe (Chrono Boost)  
  15  0:37  Gateway, Probe (Chrono Boost)  
  16  0:49  Gateway  
  16  0:52  Probe (Chrono Boost)  
  17  0:58  Assimilator  
  17  1:03  Probe (Chrono Boost)  
  18  1:13  Probe (Chrono Boost)  
  18  1:16  Assimilator  
  19  1:24  Probe (Chrono Boost)  
  20  1:27  Cybernetics Core  
  20  1:33  Pylon  
  20  1:34  Probe (Chrono Boost)  
  21  1:56  Forge  
  21  2:04  Adept (Chrono Boost)  
  21  2:05  Adept (Chrono Boost), Warp Gate (Chrono Boost)  
  25  2:13  Mothership Core  
  27  2:30  Adept  
  27  2:31  Adept  
  31  2:38  Protoss Ground Weapons Level 1  
  31  2:45  Gateway  
  31  3:02  Pylon  
  31  3:20  Stalker  
  33  3:37  Stalker  
  33  3:38  Stalker  
  37  3:41  Twilight Council  
  35  4:20  Stalker x2  
  39  4:29  Gateway  
  39  4:41  Nexus  
  39  4:42  Pylon  
  39  4:54  Blink (Chrono Boost)  
  39  5:25  Stalker x3  
  45  5:29  Probe (Chrono Boost)  
  46  5:40  Probe (Chrono Boost)  
  47  5:44  Protoss Ground Weapons Level 2 (Chrono Boost)  
  47  5:58  Probe  
  47  6:03  Probe  
  49  6:09  Probe  
  50  6:15  Probe  
  51  6:19  Probe  
  52  6:30  Probe x2  
  54  6:35  Stalker x2  
  58  6:40  Probe  
  58  6:43  Probe  
  60  6:47  Robotics Facility  
  60  6:51  Probe  
  61  6:55  Robotics Facility  
  61  7:03  Pylon  
  61  7:06  Pylon  
  61  7:15  Pylon  
  61  7:16  Probe  
  61  7:20  Assimilator  
  61  7:22  Pylon  
  62  7:26  Probe  
  63  7:33  Stalker x2  
  63  7:35  Stalker  
  69  7:37  Probe  
  70  7:44  Probe  
  70  7:47  Probe  
  72  7:51  Stalker  
  72  7:56  Probe  
  72  7:58  Probe  
  75  7:59  Assimilator  
  76  8:08  Probe, Stalker x2  
  81  8:12  Stalker  
  81  8:19  Gateway  
  83  8:25  Gateway  
  83  8:33  Gateway  
  83  8:45  Immortal  
  89  9:26  Nexus  
  79  9:40  Stalker  
  79  9:41  Stalker x2  
  85  9:47  Protoss Ground Weapons Level 3 (Chrono Boost)  
  85  9:54  Pylon  
  85  9:56  Pylon  
  85  9:58  Pylon  
  85  10:16  Stalker x6  
  85  10:17  Stalker  
  99  10:22  Pylon  
  99  10:38  Templar Archives  
  99  10:47  Nexus  
  99  11:12  Zealot  
  99  11:13  Zealot x3  
  99  11:14  Zealot x3  
  35  11:56  Stalker x6  
  35  11:57  Stalker  
  25  12:26  Stalker x4  
  25  12:27  Stalker  
Show
View Real Time Build Order
Export as new Build Order

Grumm Protoss - Winner!

Build Orders: 1 Gate Expand 

Get SALT Encoding   

  12  0:01  Probe (Chrono Boost)  
  13  0:12  Probe (Chrono Boost)  
  14  0:23  Pylon  
  14  0:25  Probe (Chrono Boost)  
  15  0:42  Gateway  
  15  0:43  Probe (Chrono Boost)  
  16  1:06  Nexus  
  16  1:10  Probe (Chrono Boost)  
  17  1:28  Gateway  
  17  1:32  Cybernetics Core  
  17  1:38  Zealot  
  19  1:49  Probe (Chrono Boost)  
  20  1:55  Assimilator  
  21  2:01  Probe (Chrono Boost)  
  21  2:06  Pylon  
  21  2:10  Zealot  
  23  2:18  Probe (Chrono Boost)  
  23  2:20  Probe (Chrono Boost)  
  25  2:23  Zealot  
  25  2:28  Probe (Chrono Boost)  
  28  2:30  Assimilator  
  27  2:39  Pylon  
  27  2:48  Forge  
  27  2:50  Pylon  
  27  2:57  Probe (Chrono Boost), Warp Gate (Chrono Boost)  
  27  2:59  Probe  
  27  3:01  Assimilator  
  29  3:08  Probe  
  30  3:15  Probe  
  30  3:17  Stalker (Chrono Boost)  
  30  3:18  Probe  
  33  3:26  Photon Cannon  
  30  3:32  Mothership Core (Chrono Boost)  
  32  3:35  Probe (Chrono Boost)  
  35  3:44  Stalker (Chrono Boost)  
  35  3:47  Probe  
  36  3:51  Probe  
  37  3:58  Protoss Ground Weapons Level 1 (Chrono Boost)  
  37  4:01  Probe  
  38  4:04  Pylon  
  38  4:10  Probe  
  38  4:13  Probe  
  40  4:23  Probe  
  41  4:24  Pylon  
  41  4:25  Probe  
  41  4:29  Pylon  
  42  4:35  Probe  
  43  4:39  Stargate  
  43  4:42  Pylon  
  43  4:58  Stalker x2  
  47  5:06  Robotics Facility  
  47  5:13  Probe x2  
  49  5:22  Void Ray (Chrono Boost)  
  49  5:25  Stalker  
  49  5:26  Stalker  
  57  5:42  Probe  
  58  5:46  Photon Cannon  
  59  5:50  Probe  
  59  5:53  Immortal (Chrono Boost)  
  59  5:54  Pylon  
  63  6:01  Void Ray (Chrono Boost)  
  67  6:06  Probe  
  67  6:09  Assimilator  
  68  6:18  Robotics Bay  
  68  6:22  Pylon  
  68  6:27  Gateway  
  68  6:29  Pylon  
  68  6:34  Probe  
  68  6:36  Probe  
  70  6:42  Pylon  
  70  6:46  Probe  
  73  6:48  Void Ray (Chrono Boost)  
  77  7:11  Immortal (Chrono Boost)  
  77  7:17  Stalker x2  
  81  7:23  Void Ray  
  81  7:28  Robotics Facility  
  85  7:30  Pylon  
  85  7:31  Extended Thermal Lance (Chrono Boost)  
  85  7:39  Zealot  
  85  7:40  Zealot  
  89  7:56  Photon Cannon  
  89  7:57  Colossus (Chrono Boost)  
  95  8:05  Stalker x2  
  99  8:15  Photon Cannon  
  99  8:19  Zealot  
  101  8:21  Colossus (Chrono Boost)  
  107  8:32  Probe x2  
  109  8:41  Gateway  
  109  8:43  Pylon  
  109  8:45  Warp Prism (Chrono Boost)  
  111  8:50  Sentry  
  111  8:54  Zealot x2  
  117  8:58  Protoss Ground Armor Level 1  
  117  9:40  Probe  
  118  9:50  Pylon  
  118  9:54  Gateway  
  118  9:57  Gateway, Nexus  
  118  9:59  Pylon  
  118  10:00  Pylon  
  118  10:05  Pylon  
  118  10:09  Immortal x2 (Chrono Boost)  
  126  10:17  Probe x2  
  128  10:29  Probe x2  
  128  10:42  Probe  
  129  10:45  Twilight Council  
  128  10:50  Forge  
  128  10:56  Stalker  
  130  10:59  Stalker x2  
  130  11:01  Stalker x3  
  140  11:23  Zealot x2  
  140  11:24  Zealot x2  
  140  11:25  Stalker x2  
  114  11:54  Stalker x2  
  114  11:55  Stalker  
Tags
 
Add a new tag
Caveats
  • Supply blocks, unpowered buildings, or Contaminate may cause inaccurate times.
  • Supply counts are checked every 10 seconds.